 Dungeon Crawl Stone Soup version 0.28-a0-863-g8cecda6153 (webtiles) character file.

Game seed: 9326392470196656977

1520 Peloso the Protected (level 8, -1/70 HPs)
             Began as a Minotaur Fighter on Nov 19, 2021.
             Slain by a sky beast (5 damage)
             ... on level 6 of the Dungeon.
             The game lasted 00:11:13 (6854 turns).

Peloso the Protected (Minotaur Fighter)             Turns: 6854, Time: 00:11:15

Health: -1/70      AC:  8    Str: 22    XL:     8   Next: 54%
Magic:  7/7        EV: 11    Int:  5    God:
Gold:   173        SH:  5    Dex: 11    Spells: 7/7 levels left

rFire   + . .      SeeInvis .   a - +0 long sword (venom)
rCold   + . .      Faith    .   c - +0 buckler
rNeg    . . .      Spirit   .   b - +0 scale mail
rPois   .          Reflect  .   (helmet restricted)
rElec   .          Harm     .   (no cloak)
rCorr   .          Rampage  .   (no gloves)
Will    .....                   (no boots)
Stlth   ..........              (no amulet)
HPRegen 0.21/turn               p - ring of protection from cold
MPRegen 0.10/turn               u - ring of protection from fire

@: lethally poisoned (-1 -> -3)
A: horns 2, retaliatory headbutt
a: no special abilities


You were on level 6 of the Dungeon.
You visited 1 branch of the dungeon, and saw 6 of its levels.
You also visited: Sewer.

You collected 189 gold pieces.
You spent 16 gold pieces at shops.

Inventory:

Hand Weapons
 a - a +0 long sword of venom (weapon)
Missiles
 s - a throwing net (quivered)
Armour
 b - a +0 scale mail (worn)
 c - a +0 buckler (worn)
Jewellery
 p - a ring of protection from cold (left hand)
 u - a ring of protection from fire (right hand)
 z - a ring of ice
Wands
 v - a wand of polymorph (8)
Scrolls
 f - 4 scrolls of teleportation
 i - a scroll of fog
 n - 2 scrolls of amnesia
 o - a scroll of immolation
 w - a scroll of brand weapon
 x - a scroll of identify
 y - a scroll of enchant armour {unknown}
Potions
 d - 5 potions of might
 e - a potion of berserk rage
 g - 5 potions of curing
 h - 2 potions of haste
 j - 3 potions of brilliance
 k - a potion of ambrosia {unknown}
 l - 2 potions of heal wounds {unknown}
 m - a potion of mutation {unknown}
 q - a potion of resistance {unknown}
 r - a potion of experience {unknown}
 t - 2 potions of cancellation {unknown}


   Skills:
 + Level 6.2 Fighting
 + Level 8.0 Long Blades
 + Level 8.1 Armour
 + Level 2.7 Dodging
 + Level 1.1 Stealth
 + Level 5.0 Shields


You had 7 spell levels left.
You didn't know any spells.
Your spell library contained the following spells:

 Spells                   Type           Power      Damage    Failure   Level
 Ensorcelled Hibernation  Hex/Ice        0%         N/A       88%         2
 Spider Form              Tmut/Pois      0%         N/A       98%         3


Dungeon Overview and Level Annotations

Branches:
Dungeon (6/15)             Temple (0/1) D:5           Sewer (visited)

Altars:
Qazlal
Beogh

Shops:
D:2 **((

Annotations:
D:3 3 runed translucent doors, hofbold's ghost, amateur GnHu
D:5 3 runed translucent doors, tensugalgo's ghost, novice OgCK


Innate Abilities, Weirdness & Mutations

You have a pair of horns on your head.
You reflexively headbutt those who attack you in melee.


Message History

The orc closely misses you. You furiously retaliate!
You headbutt the orc.
The water moccasin bites you but does no damage.
Unknown command.
You closely miss the orc priest.
The orc priest is severely wounded.
You feel sick. You block the water moccasin's attack.
The orc priest hits you but does no damage.
The orc hits you but does no damage.
Unknown command.
You slash the orc priest!
You kill the orc priest!
You feel sick. The water moccasin closely misses you.
The orc closely misses you. The water moccasin barely misses you.
The sky beast hits you but does no damage.
Unknown command.
You slash the water moccasin!
Your headbutt misses the water moccasin.
The water moccasin is severely wounded.
You feel sick.
The water moccasin bites you but does no damage.
The orc hits you but does no damage.
The sky beast hits you but does no damage.
You completely miss the water moccasin. You headbutt the water moccasin.
The water moccasin is severely wounded.
You feel sick. The water moccasin barely misses you.
The sky beast hits you but does no damage.
Unknown command.
You closely miss the water moccasin.
The water moccasin is severely wounded.
You feel sick. The water moccasin bites you.
* * * LOW HITPOINT WARNING * * *
The orc barely misses you.
The water moccasin bites you but does no damage.
The orc priest invokes the aid of Beogh against you.
Beogh smites you!
* * * LOW HITPOINT WARNING * * *
The sky beast hits you.
* * * LOW HITPOINT WARNING * * *
The sky beast shocks you.
You die...

#.............#.....#
#.............#.....#
#.............'.....#
#...<..##...###....##
#......##...###....###
#.......#...+........#
#.......#...#........#
+.......#...#.So.....#
#......##...##@#######
#......###+###Y#
#.......


Yo# ..l# ....# .....# ......+ ######## You could see a water moccasin, an ice
beast, a sky beast, an iguana, an orc priest and an orc.

Vanquished Creatures
  An ice beast (D:5)
  2 black bears
  2 centaurs (D:6)
  2 ogres (D:5)
  3 kobold brigands (Sewer)
  2 scorpions
  A howler monkey (D:5)
  3 hounds
  An orc priest (D:6)
  An iguana (D:5)
  Natasha (thrice) (D:2)
  A hound zombie (D:5)
  2 hound skeletons (D:5)
  7 adders
  4 gnolls
  2 howler monkey skeletons
  6 river rats (Sewer)
  An ufetubus (D:6)
  An adder skeleton (D:4)
  A worm (D:2)
  A dart slug (D:1)
  9 orcs
  17 ball pythons
  3 endoplasms (D:2)
  3 giant cockroaches
  7 goblins
  9 hobgoblins
  7 quokkas
  5 bats
  A frilled lizard (D:2)
  18 kobolds
  22 rats
148 creatures vanquished.

Vanquished Creatures (others)
  4 plants
4 creatures vanquished.

Grand Total: 152 creatures vanquished

Notes
Turn   | Place    | Note
-------+----------+-------------------------------------------
     0 | D:1      | Peloso the Minotaur Fighter began the quest for the Orb.
     0 | D:1      | Reached XP level 1. HP: 19/19 MP: 0/0
   156 | D:1      | Reached XP level 2. HP: 23/27 MP: 1/1
   991 | D:2      | Found Heuclo Gifi's General Store.
  1108 | D:2      | Reached XP level 3. HP: 33/33 MP: 2/2
  1197 | D:2      | Found Axexu's Assorted Antiques.
  1223 | D:2      | Bought a sapphire potion for 16 gold pieces
  1325 | D:2      | Noticed Natasha
  1334 | D:2      | Killed Natasha
  1587 | D:2      | Found Avvu's Weapon Shop.
  1641 | D:2      | Noticed Natasha
  1647 | D:2      | Killed Natasha
  1648 | D:2      | Reached XP level 4. HP: 30/40 MP: 3/3
  1674 | D:2      | Noticed Natasha
  1683 | D:2      | Killed Natasha
  2003 | D:2      | Found Attelim's Antique Weapon Emporium.
  2204 | D:3      | Noticed a scorpion
  2211 | D:3      | Killed a scorpion
  2212 | D:3      | Reached XP level 5. HP: 32/47 MP: 4/4
  2533 | D:3      | Found a runed translucent gate.
  2534 | D:3      | Found a runed translucent gate.
  2534 | D:3      | Found a runed translucent gate.
  2634 | D:3      | Reached skill level 5 in Long Blades
  2634 | D:3      | Reached skill level 5 in Armour
  2831 | D:3      | Found a stormy altar of Qazlal.
  3442 | D:3      | Noticed hofbold's ghost (amateur GnHu)
  3603 | D:4      | Noticed a black bear
  3617 | D:4      | Killed a black bear
  3618 | D:4      | Reached XP level 6. HP: 44/55 MP: 5/5
  3695 | D:4      | Reached skill level 1 in Dodging
  3797 | D:4      | Reached skill level 5 in Fighting
  3825 | D:4      | Found a glowing drain.
  3847 | Sewer    | Entered a sewer
  4164 | Sewer    | Reached XP level 7. HP: 44/61 MP: 6/6
  5633 | D:5      | Entered Level 5 of the Dungeon
  5734 | D:5      | Found a staircase to the Ecumenical Temple.
  5757 | D:5      | Found a runed translucent gate.
  5758 | D:5      | Found a runed translucent gate.
  5758 | D:5      | Noticed tensugalgo's ghost (novice OgCK)
  5759 | D:5      | Found a runed translucent gate.
  5761 | D:5      | Identified the +6 dagger "Geckes" {pain, *Corrode rPois
                  | rF++ Int+2}
  6284 | D:5      | Reached skill level 1 in Stealth
  6284 | D:5      | Reached XP level 8. HP: 54/70 MP: 7/7
  6849 | D:6      | Reached skill level 5 in Shields
  6854 | D:6      | Slain by a sky beast

Illustrated notes

Levels and vault maps discovered:
D:1:      dpeg_arrival_pond, layout_basic
D:2:      kennysheep_six_static_rooms, layout_basic, serial_shops,
          nicolae_shop_overgrown_old_shop, nicolae_square_shop,
          nicolae_shop_statue_plus, shop_statue, uniq_natasha
D:3:      layout_loops_ring, grunt_qazlal_sundering, gammafunk_ghost_necromancy,
          roderic_serpentine_path
D:4:      layout_basic, gup_sewer_entry_glass
D:5:      layout_basic, minmay_temple_entry_overgrown,
          biasface_ghost_orc_armoury, minmay_misc_feat_roman, st_stairs_9,
          lemuel_flamethrower_2
D:6:      layout_gridville, kiku_gazebo_garden_becter

Skill      XL: |  1  2  3  4  5  6  7  8 |
---------------+-------------------------+-----
Fighting       | 4 5 6 |  6.2
Shields        | 4 5 |  5.0
Armour         | 4 5 6 7 8 |  8.1
Long Blades    | 3 4 5 7 8 |  8.0
Dodging        | 1 2 |  2.7
Stealth        | 1 |  1.1

Action                   |  1- 3 |  4- 6 |  7- 9 || total
-------------------------+-------+-------+-------++-------
Melee: Long sword        |    78 |   111 |   151 ||   340
       Headbutt          |     9 |    13 |    30 ||    52
  Use: Scroll            |     4 |    11 |     2 ||    17
Armor: Scale mail        |    27 |    56 |    89 ||   172
Dodge: Dodged            |    32 |    52 |   109 ||   193
Block: Buckler           |    15 |    25 |    38 ||    78

Table legend: (Time is in decaauts)
 A = Elapsed time spent in this place.
 B = Non-inter-level travel time spent in this place.
 C = Inter-level travel time spent in this place.
 D = Time resting spent in this place.
 E = Time spent auto-exploring this place.
 F = Levels seen in this place.
 G = Mean time per level.
                   A        B        C        D        E       F      G
               +--------+--------+--------+--------+--------+-----+--------+
         Total |   6921 |   6831 |     90 |    290 |   5199 |   7 |  988.7 |
       Dungeon |   5763 |   5673 |     90 |     88 |   4605 |   6 |  960.5 |
         Sewer |   1158 |   1158 |      0 |    202 |    594 |   1 | 1158.0 |
               +--------+--------+--------+--------+--------+-----+--------+

Top non-repeatable levels by time:
     D:3: 1305 daAuts
     D:2: 1219 daAuts
     D:5: 1163 daAuts
   Sewer: 1158 daAuts
     D:4: 1014 daAuts
     D:1: 1000 daAuts
     D:6: 60 daAuts
